 Dungeon Crawl Stone Soup version 0.31-a0-233-g139696dc86 (webtiles) character file.

Game seed: 5071572071187376331

102 qw the Shooter (level 4, 0/36 HPs)
             Began as a Minotaur Hexslinger on July 8, 2023.
             Slain by an orc
             ... wielding a +0 dagger
              (3 damage)
             ... on level 3 of the Dungeon.
             The game lasted 00:00:42 (1789 turns).

qw the Shooter (Minotaur Hexslinger)                Turns: 1789, Time: 00:00:42

Health: 0/36       AC:  3    Str: 13    XL:     4   Next: 49%
Magic:  1/1        EV: 12    Int: 10    God:
Gold:   62         SH:  0    Dex: 14    Spells: 4/5 levels left

rFire   . . .        Y - +1 sling (antimagic)
rCold   + . .        (no shield)
rNeg    + . .        g - +0 leather armour
rPois   .            (helmet restricted)
rElec   .            (no cloak)
rCorr   .            (no gloves)
SInv    .            (no boots)
Will    .....        (no amulet)
Stlth   +            h - ring of protection from cold
HPRegen 0.26/turn    b - ring of positive energy
MPRegen 0.07/turn

%: no passive effects
@: about to teleport
A: horns 2, retaliatory headbutt
a: no special abilities


You were on level 3 of the Dungeon.
You visited 1 branch of the dungeon, and saw 3 of its levels.

You collected 82 gold pieces.
You spent 20 gold pieces at shops.


Innate Abilities, Weirdness & Mutations

You have a pair of horns on your head.
You reflexively headbutt those who attack you in melee.


   Skills:
 + Level 2.2 Fighting
 - Level 5.0 Ranged Weapons
 - Level 2.1 Dodging
 - Level 1.0 Spellcasting
 - Level 2.0 Hexes


You had 4 spell levels left.
You knew the following spells:

 Your Spells              Type           Power      Damage    Failure   Level
a - Slow                  Hex            16%        N/A       19%         1

Your spell library contained the following spells:

 Spells                   Type           Power      Damage    Failure   Level
 Inner Flame              Hex/Fire       2%         N/A       65%         3
 Portal Projectile        Hex/Tloc       4%         N/A       65%         3
 Cause Fear               Hex            2%         N/A       88%         4

Inventory:

Hand Weapons
 Y - a +1 antimagic sling (weapon)
Armour
 g - a +0 leather armour (worn)
Jewellery
 b - a ring of positive energy (right hand)
 h - a ring of protection from cold (left hand)
Scrolls
 f - 2 scrolls of teleportation
Potions
 d - 2 potions of ambrosia {unknown}
 j - a potion of curing {unknown}

Dungeon Overview and Level Annotations

Branches:
Dungeon (3/15)

Altars:

Shops:
D:2 [


Message History

The sling bullet closely misses the orc.
You shoot a sling bullet. The sling bullet hits the orc!
You kill the orc!
You shoot a sling bullet. The sling bullet hits the orc.
The orc is severely wounded.
You shoot a sling bullet.
The sling bullet hits the orc but does no damage.
The orc is severely wounded.
You shoot a sling bullet.
The sling bullet completely misses the orc.
You shoot a sling bullet.
The sling bullet hits the orc but does no damage.
The orc is severely wounded.
The orc closely misses you. The orc misses you.
You shoot a sling bullet.
The sling bullet closely misses the orc.
The sling bullet barely misses the orc.
The orc hits you with a +0 flail. The orc hits you but does no damage.
You shoot a sling bullet. The sling bullet hits the orc.
The orc is almost dead.
The orc hits you with a +0 dagger. The orc hits you with a +0 flail!
The orc hits you with a +0 club. The orc closely misses you.
The orc hits you but does no damage. The orc hits you with a +0 dagger.
You shoot a sling bullet.
The sling bullet hits the orc but does no damage.
The orc is almost dead.
The orc hits you with a +0 dagger. The orc hits you with a +0 flail.
The orc misses you.
You shoot a sling bullet.
The sling bullet closely misses the orc.
The orc barely misses you. The orc hits you with a +0 club.
The orc closely misses you.
You shoot a sling bullet. The sling bullet hits the orc.
You kill the orc!
The orc hits you with a +0 dagger. The orc hits you with a +0 flail!
1789 ||| READING 3 scrolls of teleportation.
As you read the scroll of teleportation, it crumbles to dust.
You feel strangely unstable. The orc hits you with a +0 dagger.
You die...

... .. ... ..
..###.## ####
#).....
#....#....##.#
##....#...#.#.#
......o)o>.....
#@..#.#.#
#...#.#.# #
#...#.#.#.#####
#...#.#.#......
#...#..........
#.....#.##.####
#..####.##.#
#........#.###
##.######....#


You could see 2 orcs.

Vanquished Creatures
  A sleepcap (D:2)
  2 adders (D:2)
  A worm (D:1)
  2 dart slugs
  2 orcs (D:3)
  4 bats
  2 endoplasms
  A giant cockroach (D:2)
  7 goblins
  5 hobgoblins
  8 kobolds
  3 quokkas
  3 ball pythons (D:2)
  A frilled lizard (D:1)
  6 rats
48 creatures vanquished.

Notes
Turn   | Place    | Note
-------+----------+-------------------------------------------
     0 | D:1      | qw the Minotaur Hexslinger began the quest for the Orb.
     0 | D:1      | Reached XP level 1. HP: 16/16 MP: 1/1
     0 | D:1      | 0 ||| qw: Version: 0.3-a-46-gb1f654a
     0 | D:1      | 0 ||| qw: Game counter: 3657
     0 | D:1      | 0 ||| qw: Melee chars always use a shield: true
     0 | D:1      | 0 ||| qw: God list: Okawaru
     0 | D:1      | 0 ||| qw: Allow faded altars: false
     0 | D:1      | 0 ||| qw: Do Orc after clearing Dungeon:15 true
     0 | D:1      | 0 ||| qw: Do second Lair branch before Depths: true
     0 | D:1      | 0 ||| qw: Lair rune preference: random
     0 | D:1      | 0 ||| qw: Goals: Normal
     0 | D:1      | 0 ||| PLANNING D:1-11
   149 | D:1      | Reached skill level 3 in Ranged Weapons
   201 | D:1      | Reached XP level 2. HP: 23/23 MP: 2/2
   300 | D:1      | 300 ||| FLEEEEING.
   301 | D:1      | 301 ||| FLEEEEING.
   302 | D:1      | 302 ||| FLEEEEING.
   303 | D:1      | 303 ||| FLEEEEING.
   304 | D:1      | 304 ||| FLEEEEING.
   305 | D:1      | 305 ||| FLEEEEING.
   306 | D:1      | 306 ||| FLEEEEING.
   307 | D:1      | 307 ||| FLEEEEING.
   308 | D:1      | 308 ||| FLEEEEING.
   309 | D:1      | 309 ||| FLEEEEING.
   310 | D:1      | 310 ||| FLEEEEING.
   764 | D:1      | 764 ||| UPGRADING to ring of protection from cold.
   765 | D:1      | 765 ||| READING scroll labelled ETUIBB QOPOA.
   766 | D:1      | 766 ||| READING scroll labelled ELUGULISTRU.
   767 | D:1      | 767 ||| READING scroll labelled YKUASU YMIMEDE.
   771 | D:1      | 771 ||| READING scroll labelled COLELI UTASCH.
   772 | D:1      | 772 ||| DROPPING scroll of poison.
   811 | D:2      | 811 ||| SWAPPING to +1 antimagic sling.
   812 | D:2      | 812 ||| DROPPING +1 sling.
   861 | D:2      | Reached skill level 4 in Ranged Weapons
   861 | D:2      | Reached XP level 3. HP: 12/29 MP: 1/3
   877 | D:2      | 877 ||| FLEEEEING.
  1050 | D:2      | Reached XP level 4. HP: 36/36 MP: 1/4
  1160 | D:2      | Found Joklupim's Armour Shoppe.
  1161 | D:2      | 1161 ||| FLEEEEING.
  1211 | D:2      | 1211 ||| BUYING +0 leather armour (20 gold).
  1211 | D:2      | Bought a +0 leather armour for 20 gold pieces
  1211 | D:2      | 1211 ||| SHOPLISTING +0 pair of boots (45 gold, have 7).
  1211 | D:2      | 1211 ||| SHOPLISTING +0 pair of gloves (45 gold, have 7).
  1211 | D:2      | 1211 ||| SHOPLISTING +0 ring mail (40 gold, have 7).
  1530 | D:2      | 1530 ||| UPGRADING to +0 leather armour.
  1540 | D:2      | 1540 ||| DROPPING +0 robe.
  1541 | D:2      | 1541 ||| UPGRADING to ring of positive energy.
  1542 | D:2      | 1542 ||| READING scroll labelled IPLIPI ZYUTESE.
  1543 | D:2      | 1543 ||| READING scroll labelled XOPTUXZ OPNOISEK.
  1644 | D:2      | 1644 ||| READING scroll labelled ILOQATSIOS.
  1701 | D:2      | 1701 ||| READING scroll labelled ZOSKEALEOMN.
  1756 | D:3      | Reached skill level 5 in Ranged Weapons
  1788 | D:3      | HP: 3/36 [orc/+0 flail (8)]
  1789 | D:3      | 1789 ||| READING 3 scrolls of teleportation.
  1789 | D:3      | Slain by an orc

Levels and vault maps discovered:
D:1:      amcnicky_arrival_feature_with_door, layout_loops_ring,
          serial_aquarium, aquarium_bridge_straight [aquarium_subvault_bridge,
          aquarium_subvault_balcony, aquarium_subvault_bridge,
          aquarium_subvault_wall], aquarium_window_fake, aquarium_window_2,
          aquarium_view_2f, aquarium_pool_side, nicolae_wormholes
D:2:      layout_loops_ring, serial_shops, shop, minmay_hexomino_p4
D:3:      layout_basic, mainiacjoe_overflow_tiny_flanked

Skill      XL: |  1  2  3  4 |
---------------+-------------+-----
Ranged Weapons | 3 4 5 |  5.0
Fighting       | 2 |  2.2
Dodging        | |  2.1
Spellcasting   | |  1.0
Hexes          | |  2.0

Action                     |  1- 3 |  4- 6 || total
---------------------------+-------+-------++-------
   Fire: Sling             |    97 |    56 ||   153
    Use: Scroll            |     4 |     5 ||     9
 Armour: Robe              |     4 |     2 ||     6
         Leather armour    |       |     2 ||     2
  Dodge: Dodged            |    25 |    15 ||    40

Table legend:
 A = Non-vault XP
 B = Vault XP
 C = Vault XP percentage of total XP
 D = Non-vault monster count
 E = Vault monster count
 F = Vault count percentage of total count
                 A         B        C        D         E       F
            +---------+---------+-------+---------+---------+-------
      Total |      99 |      47 |  32.2 |      44 |       4 |   8.3
            +---------+---------+-------+---------+---------+-------
        D:1 |      28 |       5 |  15.2 |      17 |       1 |   5.6
        D:2 |      63 |      42 |  40.0 |      24 |       3 |  11.1
        D:3 |       8 |       0 |   0.0 |       3 |       0 |   0.0
            +---------+---------+-------+---------+---------+-------
